 Seeded DCSS version 0.29.1-2-gbd0b4ee654 (webtiles) character file.

Game seed: 420 (custom seed)

369 jamestheduck25 the Chopper (level 6, 56/56 HPs)
             Began as a Minotaur Berserker on Nov 15, 2022.
             Was a Believer of Trog.
             Quit the game on level 2 of the Dungeon on Nov 16, 2022.
             The game lasted 00:04:32 (3793 turns).

jamestheduck25 the Chopper (Minotaur Berserker)     Turns: 3793, Time: 00:04:32

Health: 56/56      AC:  6    Str: 23    XL:     6   Next: 41%
Magic:  5/5        EV: 13    Int:  4    God:    Trog [**....]
Gold:   194        SH:  0    Dex: 16    Spells: 5/5 levels left

rFire   . . .      SeeInvis .   a - +0 hand axe
rCold   . . .      Faith    .   (no shield)
rNeg    + . .      Spirit   .   k - +0 ring mail
rPois   .          Reflect  .   (helmet restricted)
rElec   .          Harm     .   (no cloak)
rCorr   .          Rampage  .   (no gloves)
Will    .....                   (no boots)
Stlth   +.........              (no amulet)
HPRegen 0.18/turn               f - +6 ring of dexterity
MPRegen 0.09/turn               w - ring of positive energy

@: no status effects
A: horns 2, retaliatory headbutt
a: Renounce Religion, Berserk, Trog's Hand


You were on level 2 of the Dungeon.
You worshipped Trog.
Trog was pleased with you.
You visited 1 branch of the dungeon, and saw 4 of its levels.

You collected 194 gold pieces.

Inventory:

Hand Weapons
 a - a +0 hand axe (weapon)
Missiles
 g - 2 throwing nets (quivered)
Armour
 b - a +0 animal skin
 k - a +0 ring mail (worn)
Jewellery
 f - a +6 ring of dexterity (left hand)
 w - a ring of positive energy (right hand)
Wands
 A - a wand of flame (9)
Scrolls
 e - 2 scrolls of immolation
 l - 2 scrolls of teleportation
 m - 4 scrolls of identify {unknown}
 n - a scroll of blinking {unknown}
 p - a scroll of enchant armour {unknown}
 s - a scroll of vulnerability {unknown}
 t - a scroll of torment {unknown}
 v - a scroll of enchant weapon {unknown}
 x - a scroll of butterflies {unknown}
 y - a scroll of poison {unknown}
Potions
 c - 2 potions of brilliance {unknown}
 d - a potion of degeneration {unknown}
 i - a potion of heal wounds {unknown}
 j - a potion of cancellation {unknown}
 o - a potion of might {unknown}
 q - 2 potions of lignification {unknown}
 r - a potion of mutation {unknown}
 u - 2 potions of magic {unknown}
 z - a potion of ambrosia {unknown}


   Skills:
 + Level 5.3 Fighting
 + Level 5.3 Axes
 + Level 4.6 Armour
 + Level 4.1 Dodging


You had 5 spell levels left.
You didn't know any spells.
Your spell library was empty.

Dungeon Overview and Level Annotations

Branches:
Dungeon (4/15)             Temple (0/1) D:4

Altars:

Shops:
D:1 :   D:4 :


Innate Abilities, Weirdness & Mutations

You have a pair of horns on your head.
You reflexively headbutt those who attack you in melee.


Message History

Done exploring.
No target in view!
No target in view!
Done exploring.
No target in view!
Done exploring.
No target in view!
Done exploring.
No target in view!
(D) Dungeon (T) Temple
Where to? (? - help)
What level of the Dungeon? (default 1, ? - help)
There is an open door here.
There is an open door here.
There is a stone staircase leading up here.
You climb upwards.
There is a stone staircase leading down here.
There is a stone staircase leading up here.
You climb upwards.
There is a stone staircase leading down here.
Done exploring.
No target in view!
Done exploring.
No target in view!
Done exploring.
No target in view!
Done exploring.
No target in view!
(D) Dungeon (T) Temple
Where to? (Enter - D:2, ? - help)
Okay, then.
There are no items here.
What are your orders? t - Shout!
Orders for allies: a - Attack new target. r - Retreat! s - Stop attacking. g - Guard the area. f - Follow me.
Anything else - Cancel.
Okay, then.
Are you sure you want to abandon this character and quit the game? (Confirm with "yes".)

#........######
#.............#
#.###.#....##.#
#..(..#..♣..#.#
#..##.#.♣...#..
#...........#..
#.....#.##..#..
#####.####.###....
#@............####
#...######<##.##
#...#########..###
##................
#############'###
#..... #....#
#....# #....#


There were no monsters in sight!

Vanquished Creatures
  Menkaure (D:4)
  A necrophage (D:4)
  An orc priest (D:4)
  2 iguanas (D:4)
  3 adders
  An ufetubus (D:4)
  A worm (D:4)
  2 dart slugs
  9 orcs
  9 endoplasms
  A giant cockroach (D:2)
  7 goblins
  A hobgoblin (D:3)
  4 jackals (D:2)
  2 quokkas
  7 ball pythons
  A bat (D:2)
  3 frilled lizards
  5 kobolds
  4 rats
65 creatures vanquished.

Vanquished Creatures (others)
  3 fungi (D:2)
3 creatures vanquished.

Grand Total: 68 creatures vanquished

Notes
Turn   | Place    | Note
-------+----------+-------------------------------------------
     0 | D:1      | jamestheduck25 the Minotaur Berserker began the quest for
                  | the Orb.
     0 | D:1      | Reached XP level 1. HP: 19/19 MP: 0/0
   351 | D:1      | Reached XP level 2. HP: 27/27 MP: 1/1
   542 | D:1      | Found Xaefaeddi's Book Emporium.
   938 | D:2      | Reached ** piety under Trog
   995 | D:2      | Reached XP level 3. HP: 5/33 MP: 2/2
  1542 | D:2      | Found a faded altar of an unknown god.
  2412 | D:3      | Reached XP level 4. HP: 41/41 MP: 3/3
  2819 | D:4      | Reached XP level 5. HP: 40/47 MP: 4/4
  2989 | D:4      | Found a staircase to the Ecumenical Temple.
  3062 | D:4      | Reached skill level 5 in Fighting
  3062 | D:4      | Reached skill level 5 in Axes
  3318 | D:4      | Found Patz's Tremendous Tomes.
  3335 | D:4      | Noticed Menkaure
  3351 | D:4      | Killed Menkaure
  3352 | D:4      | Reached XP level 6. HP: 5/56 MP: 5/5
  3793 | D:2      | Quit the game

Illustrated notes

Levels and vault maps discovered:
D:1:      eino_arrival_cavern_a, layout_loops_ring, serial_shops,
          nicolae_shop_stone
D:2:      layout_basic, dreamdust_ecumenical_altar_hidden_monk_grotto,
          chequers_mini_garden
D:3:      layout_rooms
D:4:      layout_gridville, minmay_temple_entry_junction,
          nicolae_shop_i_like_big_books, uniq_menkaure

Skill      XL: |  1  2  3  4  5 |
---------------+----------------+-----
Fighting       | 4 5 |  5.3
Axes           | 4 5 |  5.3
Armour         | 3 4 |  4.6
Dodging        | 3 4 |  4.1

Action                   |  1- 3 |  4- 6 || total
-------------------------+-------+-------++-------
Melee: Hand axe          |    96 |    57 ||   153
       Headbutt          |    12 |    14 ||    26
       Punch             |       |     1 ||     1
Invok: Berserk           |     1 |       ||     1
  Use: Scroll            |     2 |       ||     2
       Potion            |     1 |     2 ||     3
Armor: Ring mail         |    19 |    18 ||    37
       Animal skin       |     1 |       ||     1
Dodge: Dodged            |    46 |    39 ||    85
